 Dungeon Crawl Stone Soup version 0.19-a0-994-g3c636f0 (webtiles) character file.

190 matakusis the Ducker (level 5, 0/41 HPs)
             Began as a Demonspawn Gladiator on July 17, 2016.
             Slain by Duvessa
             ... wielding a +0 short sword
              (10 damage)
             ... on level 4 of the Dungeon.
             The game lasted 00:07:10 (3452 turns).

matakusis the Ducker (Demonspawn Gladiator)         Turns: 3452, Time: 00:07:11

Health: 0/41       AC:  5    Str: 15    XL:     5   Next: 41%
Magic:  5/5        EV: 14    Int:  9    God:
Gold:   101        SH:  0    Dex: 15    Spells: 0 memorised, 4 levels left

rFire  . . .     SeeInvis .     a - +1 long sword
rCold  . . .     Gourm    .     b - +0 leather armour
rNeg   . . .     Faith    .     (no shield)
rPois  +         Spirit   .     c - +0 helmet
rElec  .         Dismiss  .     (no cloak)
rCorr  .         Reflect  .     (no gloves)
SustAt .         Harm     .     (no boots)
MR     +....                    j - amulet of magic regeneration
Stlth  +.........               n - +1 ring of protection
                                o - ring of protection from magic

@: somewhat resistant to hostile enchantments, very unstealthy
A: claws 1, poison resistance, rot immunity
a: no special abilities


You were on level 4 of the Dungeon.
You were not hungry.

You visited 1 branch of the dungeon, and saw 4 of its levels.

You collected 101 gold pieces.

Inventory:

Hand Weapons
 a - a +1 long sword (weapon)
Missiles
 d - 2 throwing nets (quivered)
Armour
 b - a +0 leather armour (worn)
 c - a +0 helmet (worn)
Jewellery
 j - an amulet of magic regeneration (around neck)
 m - an uncursed ring of protection from fire
 n - a +1 ring of protection (right claw)
 o - a ring of protection from magic (left claw)
Scrolls
 h - a scroll of amnesia {unknown}
 i - a scroll of remove curse
Potions
 e - a potion of cancellation {unknown}
 k - a potion of heal wounds
Comestibles
 f - 3 bread rations
 g - a meat ration
 l - a beef jerky


   Skills:
 * Level 3.5 Fighting
 - Level 3.3 Long Blades
 - Level 1.7 Throwing
 * Level 4.4 Dodging
 * Level 0.3 Unarmed Combat


You had 4 spell levels left.
You didn't know any spells.

Dungeon Overview and Level Annotations

Branches:
Dungeon (4/15)
 Temple: D:4-7

Altars:
Fedhas
Okawaru

Annotations:
D:4 Dowan, Duvessa


Innate Abilities, Weirdness & Mutations

You have sharp fingernails.
You are immune to rotting.
Your system is resistant to poisons. (rPois)


Message History

Duvessa closely misses you.
You riposte.
You hit Duvessa but do no damage.
Duvessa is lightly wounded.
You barely miss Duvessa.
Duvessa is lightly wounded.
Duvessa barely misses you.
You riposte.
You hit Duvessa.
Duvessa is moderately wounded.
Duvessa hits you with a short sword!
You hit Duvessa.
Duvessa is moderately wounded.
Duvessa hits you with a short sword. x2
You slash Duvessa!
Duvessa is severely wounded.
Duvessa hits you but does no damage. Duvessa hits you with a short sword!
* * * LOW HITPOINT WARNING * * *
Throwing (i - inventory):
d - 3 throwing nets (quivered)
Press: ? - help, Shift-Dir - straight line, f - Duvessa
Aim: Duvessa, wielding a short sword (severely wounded, fast)
You throw a throwing net. The throwing net barely misses Duvessa.
Duvessa hits you with a short sword!
You die...

#.#......#.# #..........#
#..........# #......$...#
##..........#
............## ############
#...........# #..........#
##.........#.###..........#
...........#(e@#.......<..#
.....[..######..>......<..#
.....##.).....##..........#
..... #######.............#
.... ####..........# ..
#..........# #..........#
#.)........# ############


You could see Duvessa.

Vanquished Creatures
  2 orc wizards (D:3)
  2 worker ants (D:4)
  2 adders
  2 worms (D:2)
  4 dart slugs
  3 orcs
  A giant cockroach (D:3)
  7 goblins
  8 hobgoblins
  2 jackals (D:3)
  6 kobolds (D:3)
  2 quokkas
  A ball python (D:2)
  4 bats
  A giant newt (D:3)
  6 rats
53 creatures vanquished.

Notes
Turn   | Place    | Note
-------+----------+-------------------------------------------
     0 | D:1      | matakusis the Demonspawn Gladiator began the quest for the Orb.
     0 | D:1      | Reached XP level 1. HP: 16/16 MP: 1/1
   361 | D:1      | Reached skill level 3 in Dodging
   564 | D:1      | Gained mutation: You are immune to rotting. [demonic ancestry]
   564 | D:1      | Reached XP level 2. HP: 17/22 MP: 2/2
  1090 | D:2      | Found a blossoming altar of Fedhas.
  1270 | D:2      | Reached XP level 3. HP: 28/28 MP: 3/3
  2013 | D:2      | Gained mutation: Your mind is acute. (Int +2) [potion of mutation]
  2013 | D:2      | Gained mutation: You are clumsy. (Dex -2) [potion of mutation]
  2013 | D:2      | Gained mutation: Your system is resistant to poisons. (rPois) [potion of mutation]
  2149 | D:3      | Found an iron altar of Okawaru.
  2231 | D:3      | Found a faded altar of an unknown god.
  2415 | D:3      | Reached XP level 4. HP: 29/34 MP: 4/4
  2565 | D:3      | Lost mutation: Your mind is acute. (Int +2) [potion of cure mutation]
  2565 | D:3      | Lost mutation: You are clumsy. (Dex -2) [potion of cure mutation]
  2583 | D:3      | Reached skill level 4 in Dodging
  2925 | D:3      | Gained mutation: You have sharp fingernails. [demonic ancestry]
  2925 | D:3      | Reached XP level 5. HP: 41/41 MP: 5/5
  3439 | D:4      | Noticed Duvessa
  3439 | D:4      | Noticed Dowan
  3452 | D:4      | Slain by Duvessa

Vault maps used:
D:1:      lemuel_arrival_rhombus, due_unseen_surprise
D:2:      fedhas_altar_3, first_bread
D:3:      lemuel_round_altar, ecumenical_altar_2, serial_forest,
          infiniplex_forest_lined_2, infiniplex_forest_join,
          infiniplex_forest_clump_medium, infiniplex_forest_lined_corner,
          infiniplex_forest_clump_small, infiniplex_forest_straight_4,
          grunt_ministairs_6, eino_curves_04
D:4:      johnstein_pakellas_death_squad, minmay_goblin_outpost, uniq_pikel,
          uniq_duvessa, uniq_natasha, uniq_eustachio

Skill      XL: |  1  2  3  4 |
---------------+-------------+-----
Dodging        | 3 4 |  4.4
Long Blades    | 3 |  3.3
Fighting       | 3 |  3.5
Throwing       | |  1.7
Unarmed Combat | |  0.3

Action                   |  1- 3 |  4- 6 || total
-------------------------+-------+-------++-------
Melee: Long sword        |   141 |    77 ||   218
Throw: Throwing net      |       |     1 ||     1
  Use: Scroll            |     3 |     5 ||     8
       Potion            |     2 |     2 ||     4
 Stab: Sleeping          |     1 |     1 ||     2
  Eat: Chunk             |     5 |     3 ||     8
Armor: Leather armour    |    27 |    13 ||    40
Dodge: Dodged            |    81 |    52 ||   133
